 Dungeon Crawl Stone Soup version 0.20-a0-842-g939b552 (webtiles) character file.

62 M4edhros the Slasher (level 3, 0/29 HPs)
             Began as a Mummy Chaos Knight on Mar 9, 2017.
             Slain by an adder (5 damage)
             ... on level 2 of the Dungeon.
             The game lasted 00:00:37 (945 turns).

M4edhros the Slasher (Mummy Chaos Knight)            Turns: 945, Time: 00:00:37

Health: 0/29       AC:  5    Str: 15    XL:     3   Next: 85%
Magic:  3/3        EV: 11    Int: 11    God:    Xom [*.....]
Gold:   125        SH:  0    Dex: 12    Spells: 2/2 levels left

rFire    x . .     SeeInvis .   a - +0 falchion (chaos)
rCold    + . .     Gourm    .   b - +2 leather armour
rNeg     + + +     Faith    .   (no shield)
rPois    ∞         Spirit   .   (no helmet)
rElec    .         Reflect  .   (no cloak)
rCorr    .         Harm     .   (no gloves)
MR       .....                  (no boots)
Stlth    +.........             (no amulet)
Regen    0.1/turn               (no ring)
MPRegen  0.1/turn               (no ring)

@: no status effects
A: no food or potions, fire vulnerability, cold resistance 1, negative energy
resistance 3, torment resistance, unbreathing
a: Renounce Religion


You were on level 2 of the Dungeon.
You worshipped Xom.
You were a special plaything of Xom.
You were not hungry.

You visited 1 branch of the dungeon, and saw 3 of its levels.

You collected 125 gold pieces.

Inventory:

Hand Weapons
 a - a +0 falchion of chaos (weapon)
Armour
 b - a +2 leather armour (worn)
Scrolls
 c - a scroll of recharging {unknown}
 d - a scroll of remove curse {unknown}
 e - a scroll of identify {unknown}
 f - 2 scrolls of magic mapping {unknown}
 g - a scroll of blinking {unknown}
 h - a scroll of fog {unknown}


   Skills:
 - Level 3.0 Fighting
 + Level 4.0 Long Blades
 - Level 1.5 Armour
 - Level 0.7 Dodging


You had 2 spell levels left.
You didn't know any spells.

Dungeon Overview and Level Annotations

Branches:
Dungeon (3/15)

Altars:
Gozag


Innate Abilities, Weirdness & Mutations

You do not eat or drink.
Your flesh is vulnerable to fire.
You are immune to poison.
Your flesh is cold resistant. (rC+)
You are immune to negative energy. (rN+++)
You are immune to unholy pain and torment.
You can survive without breathing.


Message History

The dart slug bites you.
You hit the dart slug but do no damage.
The dart slug flickers and vanishes!
Deactivating autopickup; reactivate with Ctrl-A.
The adder closely misses you. Something bites you. The adder bites you.
You barely miss something. The adder barely misses you.
You riposte.
You closely miss the adder.
You are too injured to fight recklessly!
You are too injured to fight recklessly!
You closely miss the adder. The adder bites you. Something bites you.
* * * LOW HITPOINT WARNING * * *
You emit a cloud of colourful smoke!
Unknown command.
You hit the adder but do no damage. The adder barely misses you.
Something bites you.
* * * LOW HITPOINT WARNING * * *
The adder completely misses you.
You hit the adder.
The adder seems to slow down.
You freeze the adder.
The adder is moderately wounded.
The frilled lizard barely misses you. The adder bites you.
You die...

######.#.#[...........
#.....###[>........
###.### ##...#.....
#.#.# #..>..#... #...#
#...#.....
##########†##...#.#.#...
#......###....###.#.###.
........##..### .. #.
......§@§...# ..# #.
......{Sl..##
.........### ...>......
........... ............
.............
..............


You could see an adder and a frilled lizard.

Vanquished Creatures
  An orc priest (D:2)
  2 dart slugs (D:1)
  3 leopard geckos
  An orc (D:2)
  4 goblins
  5 hobgoblins
  4 bats
  A frilled lizard (D:2)
  A kobold (D:1)
  4 rats
26 creatures vanquished.

Notes
Turn   | Place    | Note
-------+----------+-------------------------------------------
     0 | D:1      | M4edhros the Mummy Chaos Knight began the quest for the Orb.
     0 | D:1      | Reached XP level 1. HP: 18/18 MP: 1/1
    90 | D:1      | XOM: smoke on damage
   124 | D:1      | Reached XP level 2. HP: 12/24 MP: 2/2
   269 | D:1      | Reached skill level 3 in Long Blades
   431 | D:1      | XOM: divination: detect items
   496 | D:1      | XOM: divination: detect items
   809 | D:2      | XOM: chaos cloud
   845 | D:2      | Reached XP level 3. HP: 29/29 MP: 3/3
   878 | D:3      | XOM: harmless Tmut miscast
   895 | D:2      | Reached skill level 4 in Long Blades
   909 | D:2      | Found an opulent altar of Gozag.
   943 | D:2      | XOM: smoke on damage
   945 | D:2      | Slain by an adder

Vault maps used:
D:1:      evilmike_arrival_rings
D:2:      nicolae_gozag_cash_rules_everything_around_me, uniq_robin,
          uniq_terence
D:3:      first_bread

Skill      XL: |  1  2  3 |
---------------+----------+-----
Long Blades    | 3 4 |  4.0
Fighting       | |  3.0
Armour         | |  1.5
Dodging        | |  0.7

Action                   || total
-------------------------++-------
Melee: Falchion          ||    65
 Stab: Confused          ||     1
Armor: Leather armour    ||    18
Dodge: Dodged            ||    51
       Rpst.: Falchion   ||    16
